 Dungeon Crawl Stone Soup version bcrawl-1.40.3b (webtiles) character file.

Game seed: 15393843331018489498

241091 Returnofthet the Cutter (level 8, -19/48 HPs)
             Began as a Mana Stalker Gladiator on Feb 12, 2024.
             Was an Initiate of Dithmenos.
             Demolished by a death knight
             ... wielding a +0 broad axe
              (28 damage)
             ... on level 5 of the Dungeon.
             The game lasted 00:05:33 (3991 turns).

Returnofthet the Cutter (Mana Stalker Gladiator)    Turns: 3991, Time: 00:05:33

Health: -19/48     AC:  5    Str: 18    XL:     8   Next: 7%
Magic:  9/9        EV: 14    Int:  8    God:    Dithmenos [......]
Gold:   357        SH:  0    Dex: 17    Spells: 7/7 levels left

rFire    . . .     GDR:     30% a - +1 rapier
rCold    . . .     SeeInvis .   (no shield)
rNeg     . . .     Gourm    .   b - +0 leather armour
rPois    .         Faith    .   c - +0 helmet
rElec    .         Spirit   .   (no cloak)
rCorr    .         Reflect  .   (no gloves)
MR       +....                  r - +0 pair of boots
Stlth    ++........             (no amulet)
HPRegen  0.58/turn              n - ring of flight
MPRegen  0.11/turn              (no ring)

@: very slightly contaminated, invisible
A: fangs 3, magic resistance 1, regeneration 1, antimagic bite, no potion heal
3, rot immunity, strong jaws
a: Renounce Religion, Evoke Flight


You were on level 5 of the Dungeon.
You worshipped Dithmenos.
Dithmenos was noncommittal.
You were hungry.

You visited 2 branches of the dungeon, and saw 6 of its levels.

You collected 357 gold pieces.

Inventory:

Hand Weapons
 a - a +1 rapier (weapon)
Missiles
 d - 3 throwing nets {=f}
 A - 565 stones (quivered)
Armour
 b - a +0 leather armour (worn)
 c - a +0 helmet (worn)
 r - a +0 pair of boots (worn)
 u - a +0 pair of boots
Jewellery
 n - a ring of flight (left hand)
Wands
 z - a wand of random effects (8)
Scrolls
 g - a scroll of teleportation
 i - 3 scrolls of identify
 l - 4 scrolls of remove curse
 s - 2 scrolls of enchant weapon
 t - a scroll of amnesia
Potions
 f - a potion of curing
 h - a potion of brilliance
 j - 3 potions of flight
 k - 2 potions of haste {unknown}
 m - 2 potions of heal wounds {unknown}
 q - a potion of magic {unknown}
 v - a potion of cancellation {unknown}
 w - a potion of agility {unknown}
 x - 2 potions of might {unknown}
Comestibles
 e - 10 rations {!d}
 p - 4 chunks of flesh


   Skills:
 + Level 4.1 Fighting
 + Level 6.4 Short Blades
 + Level 1.8 Throwing
 + Level 2.3 Armour
 + Level 4.5 Dodging
 + Level 3.4 Stealth


You had 7 spell levels left.
You didn't know any spells.
Your spell library was empty.

Dungeon Overview and Level Annotations

Branches:
Dungeon (5/12)             Temple (1/1) D:4

Altars:
Ashenzari
Cheibriados
Dithmenos
Elyvilon
Fedhas
Gozag
Hepliaklqana
Kikubaaqudgha
Lugonu
Makhleb
Nemelex Xobeh
Okawaru
Qazlal
Ru
Sif Muna
Uskayaw
Vehumet
Xom
Yredelemnul
Zin
The Shining One

Shops:
D:4 (


Innate Abilities, Weirdness & Mutations

You have razor-sharp teeth.
You are resistant to hostile enchantments. (MR+)
Your natural rate of healing is unusually fast.
Your bite disrupts and absorbs the magic of your enemies.
Potions cannot restore your health.
You are immune to rotting.
Your bites deal extra damage.


Message History

The death knight's dark mirror aura disappears.
You are feeling hungry.
Okay, then.
Press: ? - help, v - describe, . - travel
Here: a death knight, wielding a +0 broad axe and wearing a +0 chain mail You fade into invisibility!
The death knight hits you with a +0 broad axe!
* * * LOW HITPOINT WARNING * * *
You are very lightly contaminated with residual magic.
You hit the death knight.
You bite the death knight, but do no damage.
The death knight is lightly wounded.
You hit the death knight.
The death knight is lightly wounded.
The death knight barely misses you.
You hit the death knight but do no damage.
The death knight is lightly wounded.
The death knight hits you with a +0 broad axe!!
Ouch! That really hurt!
You die...

#.######......####
#.# #.......†..
#.# #........##
#.# #.......## #.#
######.## #.# #.#
#.# #.# #.# #+##
#@# #...## ##p###
#.....# #..#.##
##.......
#)#...####........
#........'........
#.....####........
###..## ##.......
#.## #.....# #.#
#..$##


You could see a death knight.

Vanquished Creatures
  4 ogres
  A bullfrog (D:5)
  A howler monkey (D:3)
  An orc priest (D:5)
  A crimson imp (D:4)
  A bullfrog zombie (D:5)
  A bullfrog skeleton (D:4)
  3 iguanas
  Terence (D:2)
  2 worker ants (D:4)
  Robin (D:3)
  4 adders
  A shadow imp (D:4)
  3 oozes (D:2)
  2 adder skeletons
  6 worms
  3 dart slugs
  4 leopard geckos (D:3)
  5 orcs
  3 bats
  6 giant cockroaches
  4 hobgoblins
  A jackal (D:3)
  6 quokkas
  A ball python (D:1)
  4 frilled lizards
  6 goblins
  15 kobolds
  A quokka zombie (D:3)
  4 rats (D:1)
96 creatures vanquished.

Notes
Turn   | Place    | Note
-------+----------+-------------------------------------------
     0 | D:1      | Returnofthet the Vine Stalker Gladiator began the quest for
                  | the Orb.
     0 | D:1      | Reached XP level 1. HP: 13/13 MP: 2/2
   308 | D:1      | Reached XP level 2. HP: 18/18 MP: 3/3
   422 | D:1      | Reached skill level 3 in Short Blades
   435 | D:1      | Reached XP level 3. HP: 22/22 MP: 4/4
   720 | D:2      | Found a glowing silver altar of Zin.
   875 | D:2      | Reached XP level 4. HP: 28/28 MP: 5/5
   879 | D:2      | Found a radiant altar of Vehumet.
   908 | D:2      | Noticed Terence
   929 | D:2      | Killed Terence
   930 | D:2      | Reached skill level 1 in Armour
  1581 | D:3      | Noticed Robin
  1591 | D:3      | Killed Robin
  1617 | D:3      | Reached skill level 4 in Short Blades
  1622 | D:3      | Reached XP level 5. HP: 32/32 MP: 6/6
  1915 | D:3      | Found a white marble altar of Elyvilon.
  2085 | D:3      | Found a stormy altar of Qazlal.
  2214 | D:3      | Found an iron altar of Okawaru.
  2386 | D:3      | Found a basalt altar of Yredelemnul.
  2468 | D:3      | Reached skill level 1 in Stealth
  2488 | D:3      | Noticed an ogre
  2505 | D:3      | Killed an ogre
  2506 | D:3      | Gained mutation: You have razor-sharp teeth. [Vine Stalker
                  | growth]
  2506 | D:3      | Reached XP level 6. HP: 33/37 MP: 7/7
  2845 | D:4      | Found a staircase to the Ecumenical Temple.
  2859 | Temple   | Entered the Ecumenical Temple
  2966 | Temple   | Became a worshipper of Dithmenos the Shadowed
  3057 | D:4      | Reached skill level 5 in Short Blades
  3066 | D:4      | Reached XP level 7. HP: 41/41 MP: 8/8
  3090 | D:4      | Found Qiamocw's Antique Weapon Boutique.
  3631 | D:5      | Entered Level 5 of the Dungeon
  3683 | D:5      | Reached skill level 6 in Short Blades
  3959 | D:5      | Gained mutation: Your bite disrupts and absorbs the magic
                  | of your enemies. [Mana Stalker growth]
  3959 | D:5      | Gained mutation: You are resistant to hostile enchantments.
                  | (MR+) [Mana Stalker growth]
  3959 | D:5      | Reached XP level 8. HP: 43/48 MP: 8/9
  3974 | D:5      | Noticed a death knight
  3991 | D:5      | Demolished by a death knight

Skill      XL: |  1  2  3  4  5  6  7 |
---------------+----------------------+-----
Short Blades   | 3 4 5 6 |  6.4
Fighting       | 3 4 |  4.1
Armour         | 1 2 |  2.3
Stealth        | 1 2 3 |  3.4
Dodging        | 4 |  4.5
Throwing       | |  1.8

Action                   |  1- 3 |  4- 6 |  7- 9 || total
-------------------------+-------+-------+-------++-------
Melee: Rapier            |    87 |   162 |    68 ||   317
       Bite              |    11 |    16 |     9 ||    36
  Use: Scroll            |       |       |    10 ||    10
       Potion            |       |       |     1 ||     1
 Stab: Sleeping          |     1 |     2 |     3 ||     6
  Eat: Chunk             |     2 |    11 |     4 ||    17
Armor: Leather armour    |    25 |    28 |     4 ||    57
Dodge: Dodged            |    55 |   111 |    42 ||   208
